 Dungeon Crawl Stone Soup version 0.22-a0-443-g17c3723 (webtiles) character file.

825 Gorglomux the Skirmisher (level 7, -3/47 HPs)
             Began as a Gargoyle Berserker on June 1, 2018.
             Was a Priest of Trog.
             Slain by an iguana (6 damage)
             ... on level 7 of the Dungeon.
             The game lasted 00:02:04 (2645 turns).

Gorglomux the Skirmisher (Gargoyle Berserker)       Turns: 2645, Time: 00:02:05

Health: -3/47      AC: 14    Str: 21 (23) XL:     7   Next: 96%
Magic:  16/16      EV:  8    Int:  4 (7)  God:    Trog [***...]
Gold:   134        SH:  0    Dex:  6 (9)  Spells: 6/6 levels left

rFire    . . .     SeeInvis .   a - +0 hand axe
rCold    . . .     Gourm    .   (no shield)
rNeg     + . .     Faith    .   n - +0 chain mail
rPois    ∞         Spirit   .   (no helmet)
rElec    +         Reflect  .   (no cloak)
rCorr    .         Harm     .   (no gloves)
MR       ++...                  (no boots)
Stlth    ..........             (no amulet)
HPRegen  1.15/turn              j - ring of magical power
MPRegen  0.15/turn              (no ring)

@: berserk cooldown, regenerating, slowed, very slow
A: negative energy resistance 1, electricity resistance, unbreathing,
petrification resistance, rot immunity, AC +4
a: Berserk, Trog's Hand, Renounce Religion


You were on level 7 of the Dungeon.
You worshipped Trog.
Trog was most pleased with you.
You were not hungry.

You visited 1 branch of the dungeon, and saw 7 of its levels.

You collected 134 gold pieces.

Inventory:

Hand Weapons
 a - a +0 hand axe (weapon)
Armour
 n - a +0 chain mail (worn)
Jewellery
 j - a ring of magical power (left hand)
Scrolls
 d - 3 scrolls of teleportation {unknown}
 h - 2 scrolls of immolation {unknown}
 k - 3 scrolls of identify {unknown}
 q - a scroll of amnesia {unknown}
Potions
 e - a potion of magic {unknown}
 m - a potion of degeneration
 p - a potion of agility {unknown}
 r - a potion of curing {unknown}
Comestibles
 c - 6 rations


   Skills:
 + Level 6.4 Fighting
 + Level 5.3 Axes
 + Level 5.8 Armour
 - Level 1.5 Dodging


You had 6 spell levels left.
You didn't know any spells.
Your spell library was empty.

Dungeon Overview and Level Annotations

Branches:
Dungeon (7/15)
 Temple: D:4-7

Altars:


Innate Abilities, Weirdness & Mutations

You are resistant to torment.
Your stone body is resilient. (AC +4)
You are immune to poison.
You resist negative energy. (rN+)
You are resistant to electric shocks. (rElec)
You can survive without breathing.
You are immune to petrification.
You are immune to rotting.


Message History

The ooze quivers!
You carve the iguana like a ham!
The iguana is almost dead!
Butt closely miss the killer bee!
The killer bee stings you but does no damage!
The killer bee stings you! * * * don't die
* * * The iguana bites you but does no damage!
The killer bee closely misses you! The iguana bites you!!! * * * don't die
* * * The killer bee stings you but does no damage!
Unknown command!
Unknown command!
It was a potion of degeneration!
There was something very wrong with that liquid!
You feel weakened!
You feel dopey!
You feel clumsy! The killer bee closely misses you!
The killer bee stings you but butts no damage!
The iguana bites you! rip

#.# ###..####.#
......##.# ..... #.#
.... #.# . ..# #.# ...
#.# #.#
...sy####.###.#
...olyl@y.....########
..J.o#####.#..........
... #.#.......... .
#............
##...........
#...........
#...######## ##..#
#.>#


You could see a scorpion, an iguana, 3 killer bees, an ooze, 2 orcs and a
leopard gecko.

Vanquished Creatures
  A sky beast (D:6)
  A crocodile (D:7)
  5 killer bees (D:7)
  The ghost of Gorglomux the Skirmisher, a weakling GrBe of Trog (D:3)
  A hound (D:3)
  2 orc priests
  An orc wizard (D:4)
  2 iguanas
  3 worker ants
  A hound skeleton (D:4)
  2 howler monkey skeletons
  4 adders
  2 shadow imps
  An ooze (D:3)
  An adder skeleton (D:2)
  3 worms
  A dart slug (D:2)
  16 orcs
  A giant cockroach (D:4)
  3 goblins
  3 hobgoblins
  9 jackals
  A quokka (D:3)
  A ball python (D:3)
  2 bats (D:3)
  A frilled lizard (D:4)
  A kobold (D:3)
  A quokka skeleton (D:7)
  A quokka zombie (D:6)
  3 rats (D:3)
75 creatures vanquished.

Notes
Turn   | Place    | Note
-------+----------+-------------------------------------------
     0 | D:1      | Gorglomux the Gargoyle Berserker began the quest for the Orb.
     0 | D:1      | Reached XP level 1. HP: 14/14 MP: 1/1
   116 | D:2      | Reached XP level 2. HP: 14/19 MP: 2/2
   159 | D:2      | Reached skill level 3 in Axes
   274 | D:3      | Reached XP level 3. HP: 24/24 MP: 3/3
   313 | D:3      | Reached skill level 4 in Fighting
   313 | D:3      | Reached skill level 3 in Armour
   373 | D:3      | Reached XP level 4. HP: 22/29 MP: 4/4
   488 | D:3      | Reached ** piety under Trog
   573 | D:3      | Noticed Gorglomux's ghost (weakling GrBe)
   591 | D:3      | Killed Gorglomux's ghost
   591 | D:3      | Reached XP level 5. HP: 29/34 MP: 5/5
  1038 | D:4      | Reached skill level 5 in Fighting
  1038 | D:4      | Reached XP level 6. HP: 40/40 MP: 6/6
  1307 | D:5      | Entered Level 5 of the Dungeon
  1674 | D:5      | Reached *** piety under Trog
  2289 | D:6      | Noticed a sky beast
  2300 | D:6      | Killed a sky beast
  2300 | D:6      | Reached XP level 7. HP: 45/45 MP: 7/7
  2614 | D:7      | Reached skill level 6 in Fighting
  2644 | D:7      | HP: 2/47 [iguana (8)]
  2645 | D:7      | Slain by an iguana

Vault maps used:
D:1:      dpeg_arrival_simpleton_c, minmay_misc_feat_plants,
          minmay_misc_feat_chi, nrook_mini_vaults
D:2:      uniq_sigmund, uniq_crazy_yiuf_cottage
D:3:      lemuel_doored_altar, grunt_decor_one_mirror
D:4:      makhleb_blood_cavern_becter, first_ration, hex_tiny
D:5:      uniq_eustachio, uniq_prince_ribbit1
D:6:      kennysheep_little_box, lemuel_crystal_altar, old_standard_altar,
          hangedman_decor_points
D:7:      lemuel_crystal_altar, minmay_temple_entry_grid, dk_xom_monty_hall

Skill      XL: |  1  2  3  4  5  6  7 |
---------------+----------------------+-----
Axes           | 3 4 5 |  5.3
Fighting       | 4 5 6 |  6.4
Armour         | 3 4 5 |  5.8
Dodging        | |  1.5

Action                   |  1- 3 |  4- 6 |  7- 9 || total
-------------------------+-------+-------+-------++-------
Melee: Hand axe          |    48 |   217 |    67 ||   332
Invok: Berserk           |     1 |     4 |     1 ||     6
       Trog's Hand       |       |       |     1 ||     1
  Use: Potion            |       |       |     1 ||     1
  Eat: Chunk             |       |     8 |       ||     8
       Ration            |       |       |     1 ||     1
Armor: Scale mail        |    26 |    76 |       ||   102
       Animal skin       |     1 |       |       ||     1
       Chain mail        |       |    68 |    43 ||   111
Dodge: Dodged            |    32 |   114 |    40 ||   186

Table legend:
 A = Spawn XP
 B = Non-spawn XP
 C = Spawn XP percentage of total XP
 D = Spawn monster count
 E = Non-spawn monster count
 F = Spawn count percentage of total count
 G = Total turns spent on level
                    A         B        C        D         E        F      G
               +---------+---------+-------+---------+---------+-------+---------
         Total |       0 |    1179 |   0.0 |       0 |      75 |   0.0 |  2645
               +---------+---------+-------+---------+---------+-------+---------
           D:1 |       0 |       4 |   0.0 |       0 |       2 |   0.0 |    43
           D:2 |       0 |      27 |   0.0 |       0 |       5 |   0.0 |   222
           D:3 |       0 |     202 |   0.0 |       0 |      26 |   0.0 |   599
           D:4 |       0 |     188 |   0.0 |       0 |      16 |   0.0 |   443
           D:5 |       0 |     117 |   0.0 |       0 |      13 |   0.0 |   531
           D:6 |       0 |     196 |   0.0 |       0 |       4 |   0.0 |   513
           D:7 |       0 |     445 |   0.0 |       0 |       9 |   0.0 |   294
               +---------+---------+-------+---------+---------+-------+---------
